 Dungeon Crawl Stone Soup version 0.20-a0-1006-ge6c5631 (webtiles) character file.

19719 Rrauwl the Slinger (level 13, -2/91 HPs)
             Began as a Formicid Fighter on Apr 14, 2017.
             Was a Priest of the Shining One.
             Slain by Snorg (11 damage)
             ... on level 13 of the Dungeon.
             The game lasted 01:16:10 (13503 turns).

Rrauwl the Slinger (Formicid Fighter)              Turns: 13503, Time: 01:16:10

Health: -2/91      AC: 12    Str: 28    XL:     13   Next: 6%
Magic:  19/20      EV:  8    Int: 10    God:    the Shining One [***...]
Gold:   588        SH: 21    Dex: 15    Spells: 12/12 levels left

rFire    + . .     SeeInvis +   c - +3 trident (pierce)
rCold    + . .     Gourm    .   A - +1 shield
rNeg     + . .     Faith    .   j - +0 plate armour
rPois    .         Spirit   .   (helmet unavailable)
rElec    .         Reflect  .   l - scarf {rC+ rF+}
rCorr    .         Harm     .   (no gloves)
MR       ++...                  (no boots)
Stlth    ..........             z - amulet of Serendipity {+Rage MR+ Dex+4}
Regen    0.3/turn               D - ring of stealth
MPRegen  0.2/turn               (no ring)

@: mighty, divine shield, glowing
A: permanent stasis, dig shafts and tunnels, four strong arms, antennae 3, claws
1, sturdy frame 1
a: Dig, Shaft Self, Divine Shield, Renounce Religion


You were on level 13 of the Dungeon.
You worshipped the Shining One.
The Shining One was most pleased with you.
You were not hungry.

You visited 3 branches of the dungeon, and saw 15 of its levels.

You collected 588 gold pieces.

Inventory:

Hand Weapons
 a - a +0 war axe
 b - a +0 hunting sling
 c - a +3 trident of piercing (weapon)
Missiles
 h - 311 stones (quivered)
 o - 115 sling bullets
Armour
 j - a +0 plate armour (worn)
 l - a scarf of resistance (worn)
 v - a +2 cloak of invisibility
 A - a +1 shield (worn)
Jewellery
 z - the amulet of Serendipity (around neck) {+Rage MR+ Dex+4}
   (You found it on level 4 of the Dungeon)

   [amulet of rage]

   It affects your dexterity (+4).
   It affects your resistance to hostile enchantments.
   It lets you go berserk.
 D - a ring of stealth (left claw)
Wands
 d - a wand of lightning (6/15)
 f - a wand of confusion (19/48)
 u - a wand of clouds (5/9)
 w - a wand of digging (10/24)
 x - a wand of paralysis (7/24)
 B - a wand of disintegration (8/24)
 C - a wand of polymorph (6/24)
Scrolls
 e - a scroll of recharging
 y - 4 scrolls of fog
 E - a scroll of amnesia
 J - 2 scrolls of remove curse
 K - a scroll of magic mapping
Potions
 g - a potion of heal wounds
 n - 2 potions of curing
 r - 2 potions of brilliance
 s - a potion of lignification
 t - 3 potions of magic
 G - 2 potions of agility
 H - a potion of might
Books
 i - a book of Cantrips

   Spells                             Type                      Level
   a - Confusing Touch                Hexes                        1
   b - Animate Skeleton               Necromancy                   1
   c - Summon Small Mammal            Summoning                    1
   d - Apportation                    Translocation                1
Comestibles
 k - 8 royal jellies
 p - 6 bread rations
 I - 2 meat rations


   Skills:
 - Level 5.2 Fighting
 + Level 11.6 Axes
 + Level 12.3 Slings
 - Level 5.2 Armour
 - Level 3.2 Dodging
 - Level 4.0 Shields
 + Level 10.5 Invocations
 - Level 7.0 Evocations


You had 12 spell levels left.
You didn't know any spells.

Dungeon Overview and Level Annotations

Branches:
Dungeon (13/15)            Temple (1/1) D:6            Lair (1/6) D:9
    Orc (0/2) D:11         Vaults (0/5) D:13

Altars:
Ashenzari
Cheibriados
Dithmenos
Elyvilon
Fedhas
Gozag
Hepliaklqana
Kikubaaqudgha
Makhleb
Nemelex Xobeh
Okawaru
Qazlal
Ru
Sif Muna
Trog
Uskayaw
Vehumet
Wu Jian
Xom
Yredelemnul
Zin
The Shining One
Beogh

Annotations:
D:13 Snorg
Lair:1 valenzione's ghost, novice GrFi


Innate Abilities, Weirdness & Mutations

You cannot be hasted, slowed, berserked, paralysed or teleported.
You can dig through walls and to a lower floor.
Your four strong arms can wield two-handed weapons with a shield.
You have a pair of large antennae on your head. (SInv)
You have sharp fingernails.
Your movements are slightly less encumbered by armour. (ER -2)


Message History

Snorg bites you!
You block Snorg's attack. x2; You block the wraith's attack.
You block Snorg's attack. Snorg claws you but does no damage. x2
Snorg barely misses you. You block Snorg's attack. x2
You block Snorg's attack. Snorg claws you but does no damage.
You block Snorg's attack.
Your shield and plate armour prevent you from hitting Snorg.
Snorg is severely wounded.
The wraith hits you! You block Snorg's attack. Snorg claws you!
You block Snorg's attack. You block the wraith's attack. Snorg bites you.
Snorg claws you but does no damage. Snorg claws you!
* * * LOW HITPOINT WARNING * * *
As you read the scroll of fear, it crumbles to dust.
You assume a fearsome visage.
The wraith is unaffected.
Snorg bites you.
* * * LOW HITPOINT WARNING * * *
You block Snorg's attack. Snorg claws you but does no damage.
You puncture Snorg!
Snorg is severely wounded.
Snorg bites you!
You die...

#≈# #≈#≈# ##≈#.#≈#
##≈#...# #≈
##≈#...#...#≈
#≈#.).#≈# #≈#
#≈..#≈#≈#≈ ###
#W≈#≈###≈#######..
#T#≈###...........
#@#####..###..##.#
#........###..##.#
#######..........#
#.####..####
#.####..####
#...........
############


You could see Snorg (berserk) and a wraith.

Vanquished Creatures
  A centaur warrior (D:13)
  8 vault guards (D:13)
  3 unseen horrors
  Pikel (D:4)
  A cyclops (D:13)
  3 centaur zombies
  A black mamba (Lair:1)
  A komodo dragon (D:9)
  A freezing wraith (D:11)
  2 trolls
  4 hippogriffs
  Sigmund (D:5)
  A spriggan (D:11)
  2 wyverns (D:10)
  3 hungry ghosts
  Eustachio (D:5)
  A soldier ant (D:13)
  An ice beast (D:6)
  A porcupine (Lair:1)
  9 orc warriors
  4 sky beasts
  3 black bears
  A necrophage (D:11)
  3 ogres
  A crocodile (D:12)
  7 centaurs
  4 big kobolds
  7 bullfrogs
  A water moccasin skeleton (D:11)
  5 scorpions
  15 killer bees
  4 wights (D:9)
  4 electric eels (D:12)
  A howler monkey (D:11)
  9 crimson imps
  A bullfrog zombie (D:12)
  2 centaur skeletons
  8 orc priests
  7 hounds
  4 jellies
  14 orc wizards
  7 worker ants
  3 iguanas (D:8)
  A hound skeleton (D:4)
  A howler monkey zombie (D:8)
  8 gnolls
  9 adders
  2 howler monkey skeletons
  6 shadow imps
  3 oozes
  3 dart slugs (D:1)
  5 leopard geckos
  58 orcs
  5 giant cockroaches
  7 goblins
  6 hobgoblins
  2 jackals (D:4)
  4 quokkas
  A ball python (D:4)
  11 bats
  7 frilled lizards
  A jackal skeleton (D:4)
  12 kobolds
  A leopard gecko skeleton (D:4)
  15 rats
  A butterfly (Lair:1)
  A plant (D:9)
331 creatures vanquished.

Vanquished Creatures (others)
  2 crimson imps (D:4)
  An adder (D:4)
  A dart slug (D:4)
  A worm (D:4)
  A hobgoblin (D:4)
  3 plants (D:9)
9 creatures vanquished.

Grand Total: 340 creatures vanquished

Notes
Turn   | Place    | Note
-------+----------+-------------------------------------------
     0 | D:1      | Rrauwl the Formicid Fighter began the quest for the Orb.
     0 | D:1      | Reached XP level 1. HP: 18/18 MP: 1/1
    76 | D:1      | Reached XP level 2. HP: 23/24 MP: 2/2
   193 | D:1      | Reached skill level 1 in Dodging
   218 | D:1      | Reached XP level 3. HP: 25/29 MP: 3/3
   813 | D:2      | Reached XP level 4. HP: 35/37 MP: 4/4
   860 | D:2      | Found a burning altar of Makhleb.
  1110 | D:2      | Reached skill level 1 in Slings
  1447 | D:3      | Found an opulent altar of Gozag.
  1509 | D:3      | Reached XP level 5. HP: 42/42 MP: 5/5
  1518 | D:3      | Reached skill level 2 in Slings
  1612 | D:3      | Found a shattered altar of Ashenzari.
  1968 | D:4      | Noticed a centaur
  2122 | D:4      | Found a blossoming altar of Fedhas.
  2127 | D:4      | Killed a centaur
  2127 | D:4      | Reached XP level 6. HP: 25/49 MP: 6/6
  2287 | D:4      | Found an ornate altar of the Wu Jian Council.
  2305 | D:4      | Noticed an ogre
  2308 | D:4      | Killed an ogre
  2356 | D:4      | Noticed Pikel
  2356 | D:4      | Noticed a slave
  2356 | D:4      | Noticed a slave
  2356 | D:4      | Noticed a slave
  2356 | D:4      | Noticed a slave
  2413 | D:4      | Killed Pikel
  2413 | D:4      | Reached skill level 5 in Fighting
  2413 | D:4      | Reached skill level 3 in Slings
  2413 | D:4      | Reached skill level 5 in Armour
  2413 | D:4      | Reached XP level 7. HP: 23/56 MP: 7/7
  2413 | D:4      | Reached XP level 8. HP: 25/62 MP: 8/8
  2670 | D:4      | Found a shimmering altar of Xom.
  2878 | D:4      | Got a fine bronze amulet
  3030 | D:4      | Reached skill level 4 in Slings
  3045 | D:4      | Got a crude robe
  3056 | D:4      | Identified the +1 robe "Meacw" {rC- rN++ Regen+} (You found it on level 4 of the Dungeon)
  3108 | D:4      | Reached skill level 1 in Evocations
  3201 | D:4      | Gained mutation: You are robust. (+10% HP) [potion of mutation]
  3201 | D:4      | Gained mutation: You are resistant to hostile enchantments. (MR+) [potion of mutation]
  3531 | D:5      | Entered Level 5 of the Dungeon
  3713 | D:5      | Noticed Eustachio
  3904 | D:5      | Reached skill level 5 in Axes
  3955 | D:5      | Reached skill level 5 in Slings
  3962 | D:5      | Killed Eustachio
  3962 | D:5      | Reached XP level 9. HP: 74/74 MP: 11/11
  4033 | D:5      | Noticed Sigmund
  4040 | D:5      | Killed Sigmund
  4213 | D:6      | Found an opulent altar of Gozag.
  4432 | D:6      | Found an ancient bone altar of Kikubaaqudgha.
  4575 | D:6      | Found a staircase to the Ecumenical Temple.
  4586 | D:6      | Reached skill level 6 in Slings
  4593 | Temple   | Entered the Ecumenical Temple
  4785 | Temple   | Became a worshipper of the Shining One
  4924 | D:7      | Reached skill level 5 in Evocations
  5088 | D:7      | Identified the amulet of Serendipity {+Rage MR+ Dex+4} (You found it on level 4 of the Dungeon)
  6078 | D:8      | Reached skill level 7 in Slings
  6078 | D:8      | Reached XP level 10. HP: 76/81 MP: 14/14
  6152 | D:8      | Reached * piety under the Shining One
  6425 | D:8      | Reached skill level 1 in Invocations
  6639 | D:9      | Reached skill level 8 in Slings
  6649 | D:9      | Gained mutation: Scrolls take you a little longer to read. [mutagenic meat]
  6650 | D:9      | Gained mutation: Your spells are a little harder to cast, but a little more powerful. [mutagenic meat]
  6651 | D:9      | Lost mutation: Scrolls take you a little longer to read. [mutagenic meat]
  6652 | D:9      | Gained mutation: Scrolls take you a little longer to read. [mutagenic meat]
  6653 | D:9      | Lost mutation: Scrolls take you a little longer to read. [potion of mutation]
  6653 | D:9      | Lost mutation: You are resistant to hostile enchantments. (MR+) [potion of mutation]
  6653 | D:9      | Lost mutation: Your spells are a little harder to cast, but a little more powerful. [potion of mutation]
  6653 | D:9      | Lost mutation: You are robust. (+10% HP) [potion of mutation]
  6653 | D:9      | Gained mutation: Potions are less effective at restoring your health. [potion of mutation]
  6653 | D:9      | Gained mutation: You are partially covered in rugged brown scales. (AC +1, +3% HP) [potion of mutation]
  6654 | D:9      | Lost mutation: Potions are less effective at restoring your health. [potion of mutation]
  6654 | D:9      | Lost mutation: You are partially covered in rugged brown scales. (AC +1, +3% HP) [potion of mutation]
  6654 | D:9      | Gained mutation: Your movements are slightly less encumbered by armour. (ER -2) [potion of mutation]
  6654 | D:9      | Gained mutation: You have sharp fingernails. [potion of mutation]
  6675 | D:9      | Found a hazy altar of Hepliaklqana.
  6676 | D:9      | Found a stormy altar of Qazlal.
  7110 | D:9      | Found a staircase to the Lair.
  7111 | D:9      | Noticed a komodo dragon
  7151 | D:9      | HP: 2/74 [komodo dragon (25)]
  7153 | D:9      | Killed a komodo dragon
  7427 | Lair:1   | Entered Level 1 of the Lair of Beasts
  7555 | Lair:1   | Noticed a black mamba
  7567 | Lair:1   | Killed a black mamba
  7581 | Lair:1   | Noticed valenzione's ghost (novice GrFi)
  7830 | D:9      | Reached skill level 9 in Slings
  8201 | D:9      | Reached XP level 11. HP: 80/80 MP: 16/16
  8357 | D:9      | Reached ** piety under the Shining One
  8409 | D:9      | Reached skill level 5 in Invocations
  8787 | D:10     | Entered Level 10 of the Dungeon
 10102 | D:11     | Reached skill level 10 in Slings
 10393 | D:11     | Noticed an unseen horror
 10405 | D:11     | Killed an unseen horror
 10862 | D:11     | Reached skill level 10 in Axes
 11069 | D:11     | Found a roughly hewn altar of Beogh.
 11073 | D:11     | Found a staircase to the Orcish Mines.
 11333 | D:12     | Noticed an unseen horror
 11353 | D:12     | Killed an unseen horror
 11353 | D:12     | Reached XP level 12. HP: 81/86 MP: 16/18
 11385 | D:12     | Noticed an unseen horror
 11392 | D:12     | Killed an unseen horror
 11392 | D:12     | Reached skill level 11 in Slings
 11578 | D:12     | Reached *** piety under the Shining One
 12309 | D:12     | Found a stormy altar of Qazlal.
 13026 | D:13     | Found a gate to the Vaults.
 13026 | D:13     | Noticed a vault guard
 13026 | D:13     | Noticed a vault guard
 13026 | D:13     | Noticed a vault guard
 13026 | D:13     | Noticed a vault guard
 13026 | D:13     | Noticed a vault guard
 13027 | D:13     | Noticed a vault guard
 13027 | D:13     | Noticed a vault guard
 13027 | D:13     | Noticed a vault guard
 13033 | D:13     | Killed a vault guard
 13035 | D:13     | Killed a vault guard
 13036 | D:13     | Killed a vault guard
 13037 | D:13     | Killed a vault guard
 13037 | D:13     | Killed a vault guard
 13037 | D:13     | Killed a vault guard
 13040 | D:13     | Killed a vault guard
 13040 | D:13     | Reached skill level 12 in Slings
 13040 | D:13     | Reached skill level 10 in Invocations
 13043 | D:13     | Killed a vault guard
 13130 | D:13     | Noticed a centaur warrior
 13138 | D:13     | Killed a centaur warrior
 13138 | D:13     | Reached XP level 13. HP: 60/91 MP: 20/20
 13480 | D:13     | Noticed Snorg
 13503 | D:13     | Slain by Snorg

Vault maps used:
D:1:      shiori_shiawase, serial_park_tiny_pond, grunt_decor_one_mirror
D:2:      old_standard_altar
D:3:      cheibrodos_ashenzari_chains, grunt_gozag_breadcrumbs
D:4:      fedhas_bush_and_centaur_altar, nicolae_overflow_crystal_walls,
          led_xom_imps, uniq_pikel
D:5:      first_bread, uniq_sigmund, uniq_eustachio
D:6:      kennysheep_little_box, lemuel_coloured_pillars_altar,
          minmay_temple_entry_fiery
D:9:      chequers_temple_overflow_statue_of_worship, david_lair_shrubbed
D:11:     david_orc_5, the_bakery
D:12:     spider_trap, grunt_ministairs_12, nicolae_qazlal_general_emergency
D:13:     erik_vaults_2, nicolae_water_bricks, uniq_snorg
Temple:   nicolae_temple_figure_eight
Lair:1:   lemuel_fruit_fields

Skill      XL: |  1  2  3  4  5  6  7  8  9 10 11 12 |
---------------+-------------------------------------+-----
Dodging        | 1 2 3 |  3.2
Shields        | 4 |  4.0
Slings         | 1 2 3 5 7 9 10 12 | 12.3
Fighting       | 4 5 |  5.2
Armour         | 4 5 |  5.2
Axes           | 3 4 5 7 8 10 11 | 11.6
Evocations     | 3 6 7 |  7.0
Invocations    | 4 8 10 | 10.5

Action                   |  1- 3 |  4- 6 |  7- 9 | 10-12 | 13-15 || total
-------------------------+-------+-------+-------+-------+-------++-------
Melee: War axe           |    91 |   105 |    21 |       |       ||   217
       Trident           |       |    80 |   247 |   699 |    17 ||  1043
 Fire: Hunting sling     |       |       |    89 |    10 |       ||    99
Invok: Divine Shield     |       |       |       |     5 |     1 ||     6
Evoke: Wand              |       |     1 |     1 |    13 |     3 ||    18
  Use: Scroll            |       |     1 |    15 |     8 |     1 ||    25
       Potion            |       |     7 |     4 |    11 |     1 ||    23
 Stab: Paralysed         |       |       |     3 |       |       ||     3
  Eat: Chunk             |    11 |     9 |    10 |    21 |     1 ||    52
       Fruit             |       |       |       |    10 |       ||    10
Armor: Scale mail        |    13 |       |       |       |       ||    13
       Chain mail        |    37 |    93 |    87 |    72 |       ||   289
       Plate armour      |       |       |       |   155 |     9 ||   164
Dodge: Dodged            |    21 |    48 |    60 |   162 |     4 ||   295
Block: Shield            |    38 |    95 |   138 |   376 |    22 ||   669
